woodfighter, neutral female scurrid Tourist --- --- --- --- -----.----.| --.---.--- |).....||..| -------- ----....^...| --.....--..-- --......-- ---- |...........| |..........---........| ---- ---- --..| --.........--------- |.....................| |..----..-- |...| ---- |..........| |..|..----........|.--......------ |.........| |.--- |..|--.......---- |......|.........-|......------..-- ---.......| |.|-- |..--......--- |........*.......|---...-- |....|-----......-- |.|.--- |..........| ---^---..........| |...|--- --...--.----......---...).--- --........-- --- |..........------.|..| |.......)...................| --..--...| ---............----....---..........----..----.......-- |.---...| |.[...<[.[..........................| ---- --........| |.|-....-------------.....[[...---.---......---.......--- --........-- --.|.......................))...| |....--....--|.......-- |.........| ---..|..-----#-#-----...|.--......| --...|---....|....--^.---- --.|......| --....|--- # |..----|...^..| |.--- ----......|--..^.| ----.|...| |....-- ---- --.....| --- |.....-- |.I..| ------- |...-- --....| ---...| |..@-- ----- |..--- --.-- --..| ---- --- ---- woodfighter the Excursionist Experience level: 9 Strength: 15 Dexterity: 15 Constitution: 14 Intelligence: 13 Wisdom: 10 Charisma: 17 Health: 0(53) Energy: 43(43) Def: 17 Gold: 0 Moves: 11245 Dungeon seed: qChLK-SDGrGcCfTX Game ID: woodfighter_1527228919 Your Inventory: Amulets v - a cursed amulet of reflection (being worn) Weapons a - 27 +2 darts (in quiver) j - a blessed +6 dagger named Dagger of Honor (weapon in paw) m - a blessed +5 elven spear named Spear of Virtue Armor e - an uncursed +3 mummy wrapping f - an uncursed +0 elven mithril-coat (being worn) n - an uncursed +0 pair of elven boots r - an uncursed +0 pair of elven boots z - a cursed +0 elven leather helm A - an uncursed +5 elven shield (being worn) C - an uncursed +0 elven leather helm (being worn) N - an uncursed +1 dwarvish cloak (being worn) Y - an uncursed +0 dwarvish cloak Comestibles c - 2 uncursed eucalyptus leaves d - an uncursed chestnut L - 4 uncursed food rations Rings F - an uncursed ring of searching (on left paw) Wands x - a wand of digging (0:4) G - a wand of digging (0:5) T - a wand of cancellation (0:6) Tools b - an uncursed stethoscope q - a +0 unicorn horn s - an uncursed bag of holding y - an uncursed skeleton key R - an uncursed magic lamp (lit) U - an uncursed towel Contents of the bag of holding: 165 gold pieces 13 +0 darts an uncursed lembas wafer a [uncursed] scroll of light a [uncursed] scroll of scare monster a [uncursed] scroll of teleportation a [uncursed] spellbook of extra healing a [uncursed] spellbook of knock 2 [uncursed] potions of full healing a [uncursed] potion of object detection a potion of unholy water an uncursed ring of conflict a [uncursed] ring of polymorph control a [uncursed] wand of sleep [0:5] a [uncursed] wand of striking [0:1] 11 [uncursed] tallow candles [0:200] Spells and supernatural/magical abilities: Name Level Category Fail Memory W - pray for help -- divine ? -- Your skills at the end: Miscellaneous Skills shield [Basic] wands [Basic] Weapon Skills dart [Expert] Spellcasting Skills Final Attributes: You were fervently aligned. You were cold resistant. Your writing paw was ok. You were telepathic. You had automatic searching. You had infravision. You were stealthy. You were protected. You had reflection. You are dead. Vanquished creatures: a vampire lord 2 giant mimics a small mimic a large dog a large cat a dwarf king a crocodile a chameleon a giant beetle 4 winter wolf cubs a black light a panther 2 quivering blobs a giant spider 4 gnome kings a dwarf mummy 11 Green-elves a yeti a werewolf a blue jelly a water nymph a white unicorn a dust vortex a raven 2 plains centaurs a gnome mummy a snake 2 apes 2 rope golems 3 soldier ants 2 yellow lights a bugbear an imp a baby crocodile a wood nymph 2 rock piercers a pony a fog cloud a shrieker 3 gnome lords 3 gnomish wizards 4 kobold mummies 2 red naga hatchlings a gray ooze 4 elf zombies a ghoul 3 straw golems a giant ant 2 floating eyes a kitten 16 dwarves 3 homunculi a kobold lord a kobold shaman 4 iguanas 3 hill orcs 2 rothes a centipede 5 jitterbugs 2 giant bats 3 orc zombies a dwarf zombie a wererat 4 killer bees 8 coyotes 4 gas spores 7 hobbits 3 acid blobs a large kobold 4 geckos 3 hobgoblins a giant rat 5 cave spiders 3 brown molds 4 yellow molds a green mold a red mold 34 gnomes 22 garter snakes 9 manes 4 gnome zombies 5 jackals a fox 3 kobolds 3 newts a goblin 2 sewer rats 10 grid bugs 7 bats 7 lichens 4 kobold zombies 293 creatures vanquished. Voluntary challenges: You were not invisible. You did not have reflection until turn 9269. You were not displaced. You used a wielded weapon 61 times, starting on turn 5631. You did not use plumbed fixtures. You did not drink any magical draughts. You read items or engraved 8 times, starting on turn 773. You never genocided any monsters. You never polymorphed an object. You never changed form. You completed Sokoban on turn 9187, according to the rules. You used no wishes. You never split a pudding. You never wrote Elbereth's name. You violated your moral code, losing 2 points of alignment, starting on turn 6785. Dungeon overview: The Dungeons of Doom: levels 1 to 10 Level 1 a fountain a long staircase Level 2 a fountain stairs to The Gnomish Mines Level 3 an altar to Offler, some fountains, a sink Level 4 a fountain Level 5 a fountain Level 6 some fountains Level 7 (stash in box) Level 8 many fountains Level 9 a general store, an altar to Offler stairs to Sokoban Level 10 The Gnomish Mines: levels 3 to 10 Level 3 stairs to The Dungeons of Doom Level 4 Level 5 Level 6 many shops, a temple to Blind Io, a magic chest, some fountains, some trees Level 7 Level 8 Level 9 <- You were here Level 10 Sokoban: levels 5 to 8 Level 5 a magic chest Level 6 Level 7 Level 8 a magic chest stairs to The Dungeons of Doom History has recorded: On T:1 you entered the Dungeons of Doom to retrieve the Amulet of Yendor! On T:169 you reached level 2 of The Dungeons of Doom. On T:343 you reached level 1 of The Gnomish Mines. On T:388 you reached level 3 of The Dungeons of Doom. On T:661 you advanced to experience level 2. On T:715 you reached level 4 of The Dungeons of Doom. On T:943 you advanced to experience level 3. On T:1054 you reached level 5 of The Dungeons of Doom. On T:1219 you advanced to experience level 4. On T:1311 you reached level 6 of The Dungeons of Doom. On T:1544 you reached level 7 of The Dungeons of Doom. On T:1703 you advanced to experience level 5. On T:1809 you reached level 8 of The Dungeons of Doom. On T:2015 you advanced to experience level 6. On T:2392 you reached level 9 of The Dungeons of Doom. On T:2720 you reached level 10 of The Dungeons of Doom. On T:2836 you reached level 4 of Sokoban. On T:2871 you opened a magic chest. On T:3058 you advanced to experience level 7. On T:3059 you prayed to The Lady. On T:4287 you reached level 3 of The Gnomish Mines. On T:4393 you reached level 2 of The Gnomish Mines. On T:5273 you reached level 4 of The Gnomish Mines. On T:5633 you advanced to experience level 8. On T:5692 you entered the Minetown temple On T:5996 you reached level 5 of The Gnomish Mines. On T:7011 you reached level 3 of Sokoban. On T:7623 you reached level 2 of Sokoban. On T:8486 you reached level 1 of Sokoban. On T:9187 you advanced to experience level 9. On T:9187 you entered the Sokoban zoo. On T:10022 you prayed to The Lady. On T:10339 you reached level 6 of The Gnomish Mines. On T:10577 you reached level 7 of The Gnomish Mines. On T:11039 you reached level 8 of The Gnomish Mines. On T:11039 you reached the bottom of the Mines. Score breakdown: Gold: 0 ( 0 points) Experience: 9 levels ( 800 points) Exploration: 10 levels ( 270 points) Discoveries: 37 items ( 1850 points) Variety of kills: 91 monsters ( 2000 points) Major goal: Sokoban/Mines ( 1500 points) Survival: died (score multiplied by 3) Total score: 19260 Latest messages: a - 4 +2 darts (in quiver). There are a few more objects here. a - 5 +2 darts (in quiver). J - a ruby potion. a - 5 +2 darts (in quiver). You see here a mummy wrapping. a - a +2 dart (in quiver). You see here a red gem. There are a few objects here. You see here 2 green gems. Wait! There's something there you can't see! You stop exploring. Something scratches you! Something bites! You put an uncursed lembas wafer into the bag called not holding. You put a scroll labeled LOREM IPSUM SIT AMET into the bag called not holding. You put a ruby potion into the bag called not holding. You cannot stash something you are wearing. Something just misses! Something bites! There's still a monster there. Something scratches you! You die... Final status: Aloha woodfighter the Tourist, killed by an invisible vampire... You died in The Gnomish Mines on dungeon level 9 with 19260 points, and 165 pieces of gold, after 11245 moves. You were level 9 with a maximum of 53 hit points when you died.